 Dungeon Crawl Stone Soup version 0.29.1-12-g30fa7ad0bf (webtiles) character file.

Game seed: 18439182965444694061

8880 Mitcholas the Basher (level 11, -7/84 HPs)
             Began as a Demonspawn Fighter on Dec 28, 2022.
             Succumbed to a sea snake's poison
             ... on level 11 of the Dungeon.
             The game lasted 00:31:04 (11873 turns).

Mitcholas the Basher (Demonspawn Fighter)          Turns: 11873, Time: 00:31:04

Health: -7/84      AC: 19    Str: 21    XL:     11   Next: 15%
Magic:  2/11       EV: 10    Int:  9    God:
Gold:   536        SH:  5    Dex: 13    Spells: 10/10 levels left

rFire   + . .      SeeInvis .   J - +4 flail
rCold   . . .      Faith    .   c - +0 buckler
rNeg    . . .      Spirit   +   U - +1 plate armour {rF+}
rPois   .          Reflect  .   k - +0 helmet
rElec   .          Harm     .   i - +0 cloak
rCorr   .          Rampage  .   (gloves unavailable)
Will    .....                   r - +0 pair of boots
Stlth   ..........              f - amulet of guardian spirit
HPRegen 0.24/turn               h - +4 ring of evasion
MPRegen 0.24/turn               L - ring of flight

@: lethally poisoned (-7 -> -73), flying
A: powered by death 2, magic regeneration, sharp scales 1, demonic touch 3
a: no special abilities


You were on level 11 of the Dungeon.
You visited 2 branches of the dungeon, and saw 12 of its levels.

You collected 536 gold pieces.

Inventory:

Hand Weapons
 J - a +4 flail (weapon)
Missiles
 m - 4 atropa-tipped darts (quivered)
 s - 2 throwing nets
 u - 35 poisoned darts
 z - 4 curare-tipped darts
Armour
 c - a +0 buckler (worn)
 i - a +0 cloak (worn)
 k - a +0 helmet (worn)
 r - a +0 pair of boots (worn)
 U - a +1 plate armour of fire resistance (worn)
Jewellery
 a - an amulet of faith
 e - a ring of fire
 f - an amulet of guardian spirit (around neck)
 h - a +4 ring of evasion (left hand)
 K - a ring of positive energy
 L - a ring of flight (right hand)
Wands
 b - a wand of roots (6)
 o - a wand of digging (2)
 C - a wand of charming (8)
 H - a wand of polymorph (18)
 R - a wand of flame (19)
Scrolls
 g - 3 scrolls of amnesia {unknown}
 p - 3 scrolls of enchant armour {unknown}
 q - 4 scrolls of teleportation {unknown}
 t - 2 scrolls of immolation {unknown}
 v - 2 scrolls of poison {unknown}
 w - a scroll of summoning {unknown}
 x - 4 scrolls of blinking
 y - 3 scrolls of fog {unknown}
 A - 2 scrolls of vulnerability {unknown}
 G - 2 scrolls of torment {unknown}
 I - 3 scrolls of fear {unknown}
 O - 2 scrolls of enchant weapon {unknown}
 P - a scroll of magic mapping {unknown}
 Y - 2 scrolls of identify
Potions
 d - 2 potions of brilliance
 j - 2 potions of ambrosia {unknown}
 l - 3 potions of curing
 n - 3 potions of flight
 B - a potion of berserk rage {unknown}
 E - a potion of attraction {unknown}
 F - 4 potions of lignification
 M - 2 potions of resistance
 N - 2 potions of might
 Q - a potion of magic {unknown}
 S - a potion of heal wounds
 T - a potion of haste
 W - a potion of degeneration {unknown}
 X - a potion of mutation {unknown}
Miscellaneous
 D - a piece from Xom's chessboard (15/15)
 V - a piece from Xom's chessboard (15/15)


   Skills:
 + Level 7.6 Fighting
 + Level 11.0 Maces & Flails
 + Level 6.9 Armour
 - Level 6.0 Shields
 - Level 6.0 Evocations


You had 10 spell levels left.
You didn't know any spells.
Your spell library contained the following spells:

 Spells                   Type           Power      Damage    Failure   Level
 Sandblast                Erth           0%         2d4       100%        1
 Passwall                 Tmut/Erth      0%         N/A       100%        2
 Confusing Touch          Hex            0%         N/A       100%        3
 Ozocubu's Armour         Ice            0%         N/A       100%        3
 Stone Arrow              Conj/Erth      0%         3d7       100%        3
 Tukima's Dance           Hex            0%         N/A       100%        3
 Passage of Golubria      Tloc           0%         N/A       100%        4
 Freezing Cloud           Conj/Ice/Air   0%         6-21      100%        5
 Metabolic Englaciation   Hex/Ice        0%         N/A       100%        5
 Yara's Violent Unravell  Hex/Tmut       0%         3d3       100%        5
 Simulacrum               Ice/Necr       0%         N/A       100%        6
 Enfeeble                 Hex            0%         N/A       100%        7
 Chain Lightning          Conj/Air       0%         N/A       100%        9
 Fire Storm               Conj/Fire      0%         5d1       100%        9
 Polar Vortex             Ice            0%         N/A       100%        9
 Shatter                  Erth           0%         3d5*      100%        9


Dungeon Overview and Level Annotations

Branches:
Dungeon (11/15)            Temple (1/1) D:6
   Lair: D:8-11         Orc: D:9-12

Altars:
Ashenzari
Cheibriados
Dithmenos
Fedhas
Gozag
Hepliaklqana
Kikubaaqudgha
Makhleb
Nemelex Xobeh
Okawaru
Qazlal
Ru
Sif Muna
Trog
Uskayaw
Vehumet
Wu Jian
Xom
Yredelemnul

Shops:
D:8 :


Innate Abilities, Weirdness & Mutations

You regenerate health from kills.
You regenerate magic rapidly.
You are partially covered in razor-sharp scales. (AC +1, Slay +1)
Your touch may irresistibly damage your foes and sap their willpower.


Message History

You hit the sea snake.
The sea snake is lightly wounded.
You feel extremely sick. The sea snake bites you.
You closely miss the sea snake.
The sea snake is lightly wounded.
You feel extremely sick. You block the sea snake's attack.
You closely miss the sea snake.
The sea snake is lightly wounded.
You feel extremely sick.
The sea snake bites you but does no damage.
You block the sea snake's attack.
You hit the sea snake.
The sea snake is lightly wounded.
You feel very sick.
The sea snake bites you but does no damage.
You closely miss the sea snake.
The sea snake is lightly wounded.
You feel very sick. The sea snake bites you!
You barely miss the sea snake.
The sea snake is lightly wounded.
You feel very sick. The sea snake bites you.
* * * LOW HITPOINT WARNING * * *
You thump the sea snake!
The sea snake is lightly wounded.
You feel very sick.
The sea snake bites you but does no damage.
You hit the sea snake but do no damage.
The sea snake is lightly wounded.
You feel very sick. The sea snake bites you!
* * * LOW HITPOINT WARNING * * *
You are more poisoned.
The sea snake poisons you!
You miss the sea snake.
The sea snake is lightly wounded.
You die...

.... #.............#.
... #..............#
... ................#
.................##..
.........#...........
.........#.......####
....#.........###
##.........#
#...@.#..##
##..S##.## .......###
.........# ...<..#.##
.##..##.# ### ###


You could see a sea snake.

Vanquished Creatures
  A two-headed ogre (D:9)
  2 cyclopes
  The ghost of Tang the Skirmisher, a novice KoAM (D:6)
  Joseph (D:8)
  A gargoyle (D:10)
  Maggie (D:7)
  Psyche (D:8)
  A troll (D:7)
  A vampire (D:10)
  2 wraiths
  Eustachio (D:5)
  Grum (D:10)
  4 yaks
  Menkaure (D:5)
  Duvessa (D:7)
  A water moccasin (D:7)
  2 orc warriors
  3 black bears
  2 ogres (D:4)
  3 wolves (D:10)
  2 centaurs
  2 phantoms
  2 kobold brigands (D:10)
  8 bullfrogs
  5 scorpions
  9 wights
  Dowan (D:7)
  7 killer bees (D:10)
  9 howler monkeys
  4 hounds
  4 jellies
  A gnoll bouda (D:7)
  2 orc priests
  Jessica (D:3)
  Ijyb (D:5)
  2 iguanas
  7 orc wizards
  5 adders
  5 gnolls (D:7)
  2 shadow imps
  2 white imps (D:5)
  An ufetubus (D:5)
  2 worms (D:5)
  A dart slug (D:2)
  30 orcs
  6 endoplasms
  2 giant cockroaches
  7 goblins
  6 hobgoblins
  10 jackals
  17 kobolds
  6 ball pythons
  2 bats
  6 frilled lizards
  2 rats (D:1)
210 creatures vanquished.

Vanquished Creatures (collateral kills)
  A howler monkey (D:7)
  An orc (D:7)
2 creatures vanquished.

Vanquished Creatures (others)
  A wolf (D:10)
  3 wights (D:7)
  An orc wizard (D:6)
  3 fungi (D:6)
  16 plants (D:6)
24 creatures vanquished.

Grand Total: 236 creatures vanquished

Notes
Turn   | Place    | Note
-------+----------+-------------------------------------------
     0 | D:1      | Mitcholas the Demonspawn Fighter began the quest for the
                  | Orb.
     0 | D:1      | Reached XP level 1. HP: 18/18 MP: 1/1
    51 | D:1      | Reached skill level 2 in Maces & Flails
   295 | D:1      | Gained mutation: Your touch may inflict minor irresistible
                  | damage on your foes. [demonic ancestry]
   295 | D:1      | Reached XP level 2. HP: 24/24 MP: 2/2
   545 | D:1      | Reached skill level 3 in Maces & Flails
   873 | D:2      | Reached XP level 3. HP: 29/29 MP: 3/3
  1906 | D:3      | Identified the +3 dagger of Dominance {antimagic, *Rage rF+
                  | rC+ rN+ Int+2}
  1969 | D:3      | Noticed Jessica
  1977 | D:3      | Killed Jessica
  1978 | D:3      | Reached skill level 4 in Maces & Flails
  1978 | D:3      | Reached XP level 4. HP: 33/35 MP: 2/4
  2094 | D:3      | Found a faded altar of an unknown god.
  2099 | D:3      | Found an iron altar of Okawaru.
  2361 | D:4      | Gained mutation: You regenerate a little health from kills.
                  | [demonic ancestry]
  2361 | D:4      | Reached XP level 5. HP: 33/41 MP: 3/5
  2399 | D:4      | Noticed a black bear
  2411 | D:4      | Killed a black bear
  2412 | D:4      | Reached skill level 5 in Maces & Flails
  2431 | D:4      | Found an ornate altar of the Wu Jian Council.
  2537 | D:4      | Noticed an ogre
  2547 | D:4      | Reached skill level 6 in Maces & Flails
  2547 | D:4      | Gained mutation: You are partially covered in razor-sharp
                  | scales. (AC +1, Slay +1) [demonic ancestry]
  2547 | D:4      | Reached XP level 6. HP: 47/47 MP: 6/6
  2816 | D:4      | Reached skill level 7 in Maces & Flails
  2816 | D:4      | Reached XP level 7. HP: 14/52 MP: 2/7
  3309 | D:4      | Found a stormy altar of Qazlal.
  3462 | D:5      | Entered Level 5 of the Dungeon
  3624 | D:5      | Reached skill level 8 in Maces & Flails
  4005 | D:5      | Noticed Eustachio
  4026 | D:5      | Killed Eustachio
  4027 | D:5      | Reached skill level 9 in Maces & Flails
  4027 | D:5      | Gained mutation: Your touch may inflict irresistible damage
                  | on your foes. [demonic ancestry]
  4027 | D:5      | Reached XP level 8. HP: 50/58 MP: 6/8
  4136 | D:5      | Noticed Ijyb
  4162 | D:5      | Killed Ijyb
  4426 | D:5      | Noticed Menkaure
  4430 | D:5      | Killed Menkaure
  4485 | D:5      | Found a hide-covered altar of Uskayaw.
  4532 | D:5      | Reached skill level 1 in Evocations
  4803 | D:6      | Found a shimmering altar of Xom.
  4988 | D:6      | Found a basalt altar of Yredelemnul.
  5041 | D:6      | You fall into a shaft and drop 1 floor!
  5372 | D:7      | Noticed Duvessa
  5372 | D:7      | Noticed Dowan
  5384 | D:7      | Killed Duvessa
  5385 | D:7      | Gained mutation: You regenerate health from kills. [demonic
                  | ancestry]
  5385 | D:7      | Reached XP level 9. HP: 56/65 MP: 7/9
  5418 | D:7      | Noticed Maggie
  5428 | D:7      | Killed Dowan
  5451 | D:8      | Noticed Psyche
  5542 | D:7      | Killed Maggie
  5664 | D:7      | Found a blossoming altar of Fedhas.
  5664 | D:7      | Found an opulent altar of Gozag.
  5719 | D:7      | Noticed a troll
  5738 | D:7      | Killed a troll
  5793 | D:7      | Reached skill level 5 in Fighting
  5926 | D:6      | Found a staircase to the Ecumenical Temple.
  5940 | Temple   | Entered the Ecumenical Temple
  6311 | D:6      | Found a runed translucent door.
  6312 | D:6      | Noticed Tang's ghost (novice KoAM)
  6566 | D:6      | Found a sparkling altar of Nemelex Xobeh.
  6904 | D:6      | Killed Tang's ghost
  6905 | D:6      | Reached skill level 10 in Maces & Flails
  6905 | D:6      | Reached skill level 5 in Armour
  6905 | D:6      | Reached skill level 5 in Shields
  7214 | D:7      | Gained mutation: You regenerate magic rapidly. [demonic
                  | ancestry]
  7214 | D:7      | Reached XP level 10. HP: 76/76 MP: 10/10
  7343 | D:7      | Found a shimmering blue altar of Sif Muna.
  7573 | D:7      | Found a bloodstained altar of Trog.
  7721 | D:8      | Killed Psyche
  7782 | D:8      | Noticed a cyclops
  7792 | D:8      | Killed a cyclops
  7888 | D:8      | Noticed Joseph
  7900 | D:8      | Killed Joseph
  7901 | D:8      | Reached skill level 5 in Evocations
  8756 | D:8      | Found Watuyfuf's Book Boutique.
  9173 | D:9      | Noticed a two-headed ogre
  9179 | D:9      | Killed a two-headed ogre
  9460 | D:9      | Found a broken altar of Ashenzari.
  9475 | D:9      | Identified the +8 spear of Okawaru's Approval {speed,
                  | Dex+2}
 10102 | D:10     | Entered Level 10 of the Dungeon
 10211 | D:10     | Noticed a gargoyle
 10234 | D:10     | Killed a gargoyle
 10576 | D:10     | Noticed Nergalle
 11197 | D:10     | Noticed Grum
 11208 | D:10     | Gained mutation: Your touch may irresistibly damage your
                  | foes and sap their willpower. [demonic ancestry]
 11208 | D:10     | Reached XP level 11. HP: 77/81 MP: 9/11
 11220 | D:10     | Killed Grum
 11229 | D:10     | Noticed Nergalle
 11229 | D:10     | Nergalle changed into Nergalle the cyclops
 11237 | D:10     | Killed Nergalle the cyclops
 11529 | D:10     | Reached skill level 11 in Maces & Flails
 11861 | D:11     | Noticed a boulder beetle
 11863 | D:11     | Noticed a sea snake
 11863 | D:11     | a boulder beetle changed into a sea snake
 11872 | D:11     | HP: 4/84 [sea snake (11)]
 11873 | D:11     | Succumbed to a sea snake's poison

Illustrated notes

Levels and vault maps discovered:
D:1:      roderic_octagonal_star, layout_basic, corexii_item_surrounded_by_moat
D:2:      layout_loops_ring, serial_park_tiny_pond, minmay_misc_feat_diagonals,
          nicolae_figureground_sparkle
D:3:      layout_basic, nicolae_overflow_ecumenical_swirl, uniq_jessica
D:4:      nicolae_cairo_tiling_large_dashed, layout_basic,
          nicolae_overflow_hidden_temple, grunt_qazlal_clouds
D:5:      cheibrodos_iron_armory, layout_loops_cross, lemuel_crystal_altar,
          kennysheep_generic_room_10, uniq_eustachio, uniq_ijyb, uniq_menkaure
D:6:      layout_basic, mainiacjoe_overflow_chevrons, xom_butterflies,
          mainiacjoe_overflow_boulevard, mainiacjoe_overflow_surrounded_room,
          minmay_temple_entry_crystal_x, gammafunk_ghost_grave, kennysheep_boxes
D:7:      layout_basic, lemuel_doored_altar, lemuel_crystal_altar,
          mainiacjoe_overflow_divided_tiny, nrook_mini_backslash,
          nicolae_concentric_dashed_squares_wild, nicolae_zen_rock_garden,
          sigmund_army, uniq_maggie, uniq_duvessa
D:8:      layout_layer_cave, serial_shops, shop, uniq_psyche, uniq_joseph
D:9:      layout_stronghold, mainiacjoe_overflow_six_doors_small,
          hellmonk_bongcloud_opening
D:10:     layout_gridville, uniq_nergalle, uniq_grum
D:11:     layout_cave_pools, lair_entry_dummy
Temple:   kb_temple_of_zot

Skill      XL: |  1  2  3  4  5  6  7  8  9 10 11 |
---------------+----------------------------------+-----
Maces & Flails | 2 3 4 6 7 9 10 11 | 11.0
Armour         | 3 5 6 |  6.9
Shields        | 3 5 6 |  6.0
Evocations     | 2 4 6 |  6.0
Fighting       | 4 5 7 |  7.6

Action                   |  1- 3 |  4- 6 |  7- 9 | 10-12 || total
-------------------------+-------+-------+-------+-------++-------
Melee: Flail             |   110 |    74 |   396 |   323 ||   903
       Unarmed           |       |       |       |     3 ||     3
Throw: Dart              |     2 |       |       |       ||     2
Evoke: Wand              |       |       |    14 |     5 ||    19
  Use: Potion            |       |     1 |       |     1 ||     2
       Scroll            |       |       |       |     7 ||     7
 Stab: Invisible         |     1 |       |       |       ||     1
Armor: Scale mail        |    45 |       |       |       ||    45
       Chain mail        |     2 |    50 |   189 |    36 ||   277
       Plate armour      |       |       |       |   114 ||   114
Dodge: Dodged            |    72 |    28 |   173 |   142 ||   415
Block: Buckler           |    21 |    14 |    86 |    70 ||   191
